[Event "Titled Tuesday Blitz June 07 Late 2022"]
[White "Adewumi, Tanitoluwa"]
[Black "Halkias, Stelios"]
[WhiteFideId "30966396"]
[BlackFideId "4201809"]
[WhiteElo "2534"]
[BlackElo "2453"]
[Result "1/2-1/2"]
[Round "06"]
[TimeControl "180+1"]
[Date "2022.06.07"]
[WhiteClock "0:00:10"]
[BlackClock "0:00:10"]

1. e4 c5 2. Nf3 d6 3. Bb5+ Nd7 4. c3 Nf6 5. Bd3 a6 6. Bc2 c4 7. b3 b5 8. bxc4 bxc4 9. Qe2 Qc7 10. Na3 Nb6 11. e5 dxe5 12. Nxe5 Be6 13. Rb1 g6 14. O-O Bg7 15. Rxb6 Qxb6 16. Ba4+ Kf8 17. Naxc4 Qc7 18. d4 Nd5 19. Bd2 Rc8 20. Re1 Nxc3 21. Bxc3 Bxe5 22. Nxe5 Qxc3 23. d5 Bxd5 24. Nd7+ Kg7 25. Nb6 Be6 26. Nxc8 Rxc8 27. h3 Rc5 28. Bb3 Bxb3 29. axb3 e6 30. Qe3 Qxe3 31. Rxe3 a5 32. Kf1 g5 33. Re4 h5 34. b4 axb4 35. Rxb4 h4 36. Re4 Kg6 37. Ke2 Rc6 38. Re3 f5 39. Kf3 Kf6 40. Ra3 Rc2 41. Ra8 Rc5 42. Rf8+ Kg6 43. Rg8+ Kf6 44. Rf8+ Kg7 45. Re8 e5 46. Re6 Kf7 47. Ra6 e4+ 48. Ke2 f4 49. Rh6 Re5 50. Kf1 Re6 51. Rh5 Kg6 52. Rh8 Rb6 53. Rg8+ Kf5 54. Rf8+ Ke5 55. Re8+ Kd4 56. Rd8+ Kc4 57. Rc8+ Kd3 58. Rd8+ Kc4 59. Rc8+ Kd5 60. Rg8 Rb1+ 61. Ke2 Rb2+ 62. Ke1 Kd4 63. Rxg5 e3 64. fxe3+ fxe3 65. Rg8 Ke4 66. Re8+ Kf4 67. Rf8+ Kg3 68. Rg8+ Kh2 69. Rg4 Rxg2 70. Rxh4 Kg3 71. Rg4+ Kxh3 72. Rxg2 Kxg2 73. Ke2 Kg3 74. Kxe3 1/2-1/2


[Site "https://www.chess.com"]

[Event "Titled Tuesday Blitz June 07 Late 2022"]
[White "Adla, Diego"]
[Black "Yuan, Qingyu"]
[WhiteFideId "100072"]
[BlackFideId "8609772"]
[WhiteElo "2377"]
[BlackElo "2359"]
[Result "1-0"]
[Round "06"]
[TimeControl "180+1"]
[Date "2022.06.07"]
[WhiteClock "0:00:18"]
[BlackClock "0:00:06"]

1. c4 e6 2. g3 d5 3. Bg2 Nf6 4. Nf3 dxc4 5. Qa4+ Bd7 6. Qxc4 c5 7. O-O Bc6 8. d3 Nbd7 9. e4 Be7 10. Be3 O-O 11. a4 Rc8 12. Qc2 c4 13. Nd4 cxd3 14. Qxd3 Nc5 15. Qe2 Bxe4 16. Bxe4 Ncxe4 17. Rd1 Nd5 18. Nd2 Nxd2 19. Rxd2 a6 20. Rad1 Qa5 21. Nf5 Bb4 22. Rd4 Qxa4 23. Nxg7 Kxg7 24. Rg4+ Kh8 25. Bh6 Rg8 26. Rxd5 Rxg4 27. Qxg4 Qa1+ 28. Rd1 Qxb2 29. Qg5 Bd2 30. Rxd2 Qb1+ 31. Kg2 Qe4+ 32. f3 Qg6 33. Rd8+ Rxd8 34. Qxd8+ Qg8 35. Qf6+ Qg7 36. Qxg7# 1-0


[Site "https://www.chess.com"]

[Event "Titled Tuesday Blitz June 07 Late 2022"]
[White "Alexiadis, Hristos"]
[Black "Yurasova, Daria"]
[WhiteFideId "4249623"]
[BlackFideId "34146919"]
[WhiteElo "2416"]
[BlackElo "2021"]
[Result "0-1"]
[Round "06"]
[TimeControl "180+1"]
[Date "2022.06.07"]
[WhiteClock "0:00:18"]
[BlackClock "0:00:58"]

1. d4 d5 2. c4 dxc4 3. Nf3 Nf6 4. e3 e6 5. Bxc4 a6 6. O-O b5 7. Bd3 c5 8. a4 b4 9. Nbd2 Bb7 10. Nc4 Nbd7 11. Qe2 Be7 12. Rd1 Qc7 13. Bd2 O-O 14. Rac1 Rac8 15. Nfe5 Rfd8 16. Ng4 Qb8 17. e4 Nxg4 18. Qxg4 Nf6 19. Qe2 Rxd4 20. e5 Nd5 21. Bb1 Rd8 22. h3 Qa8 23. a5 Bc6 24. b3 Qb7 25. Qh5 g6 26. Qe2 Nc7 27. Bh6 Nb5 28. f3 Nc3 29. Qe1 Rxd1 30. Rxd1 Rxd1 0-1


[Site "https://www.chess.com"]

[Event "Titled Tuesday Blitz June 07 Late 2022"]
[White "Ambartsumova, Karina"]
[Black "Makarian, Rudik"]
[WhiteFideId "4166299"]
[BlackFideId "44105681"]
[WhiteElo "2262"]
[BlackElo "2398"]
[Result "0-1"]
[Round "06"]
[TimeControl "180+1"]
[Date "2022.06.07"]
[WhiteClock "0:00:04"]
[BlackClock "0:00:17"]

1. d4 Nf6 2. c4 g6 3. Nf3 Bg7 4. g3 c5 5. Bg2 cxd4 6. Nxd4 h5 7. h4 Nc6 8. Nc2 d6 9. Nc3 Ng4 10. Nd5 O-O 11. O-O Na5 12. Nce3 Nxe3 13. Nxe3 Be6 14. Qd3 Rc8 15. Bd5 Bh3 16. Rd1 e6 17. Bf3 Qc7 18. Qxd6 Nxc4 19. Qxc7 Rxc7 20. Nxc4 Rxc4 21. Be3 b6 22. Rac1 Rfc8 23. b3 Rc2 24. Rxc2 Rxc2 25. Rd8+ Kh7 26. Rd7 Rxa2 27. Rxf7 Kg8 28. Rb7 Bg4 29. Kg2 Ra3 30. b4 Ra4 31. b5 Ra5 32. Rb8+ Kh7 33. Rb7 Rxb5 34. Rxa7 Bxf3+ 35. Kxf3 Rb3 36. Rb7 b5 37. Kg2 Kg8 38. Rb6 b4 39. Rxe6 Kf7 40. Rb6 Bc3 41. Bc5 Rb1 42. f3 b3 43. g4 hxg4 44. fxg4 b2 45. Ba3 Bd4 46. Rb7+ Ke6 47. h5 g5 48. h6 Re1 49. Bxb2 Rxe2+ 50. Kf3 Rxb2 51. Rc7 Bf6 52. Rc6+ Kf7 53. Rc7+ Kg6 54. h7 Rh2 55. Ke4 Rxh7 56. Rc8 Re7+ 57. Kf3 Ra7 58. Rc6 Ra3+ 59. Kg2 Kf7 60. Rc7+ Ke6 61. Rc6+ Ke5 62. Rc5+ Ke4 63. Rf5 Ra6 64. Kg3 Be5+ 65. Kg2 Bf4 66. Rb5 Ra2+ 67. Kf1 Kf3 68. Rb3+ Be3 0-1


[Site "https://www.chess.com"]

[Event "Titled Tuesday Blitz June 07 Late 2022"]
[White "Badelka, Olga"]
[Black "Leiva, Gianmarco"]
[WhiteFideId "13509926"]
[BlackFideId "3804399"]
[WhiteElo "2165"]
[BlackElo "2323"]
[Result "1-0"]
[Round "06"]
[TimeControl "180+1"]
[Date "2022.06.07"]
[WhiteClock "0:00:10"]
[BlackClock "0:00:21"]

1. c4 e5 2. Nc3 Nf6 3. g3 Bb4 4. Bg2 O-O 5. Qc2 c6 6. a3 Ba5 7. b4 Bc7 8. e4 a5 9. Rb1 axb4 10. axb4 Na6 11. Nge2 d6 12. O-O c5 13. bxc5 Nxc5 14. Nd5 Nxd5 15. exd5 Qf6 16. Qc3 Ba5 17. Qe3 Bf5 18. Rb5 Bd3 19. Rxc5 Bxe2 20. Rxa5 Bxf1 21. Rxa8 Rxa8 22. Bxf1 Qf5 23. Bb2 Qb1 24. Bc3 h6 25. c5 f6 26. cxd6 Qb3 27. Qc5 Qa4 28. Qb5 Qg4 29. Qxb7 Rd8 30. Qe7 Rd7 31. Qe6+ Qxe6 32. dxe6 Rxd6 33. Bc4 Kf8 34. Bb4 Ke7 35. Kg2 e4 36. g4 g6 37. Kg3 f5 38. gxf5 gxf5 39. Kf4 h5 40. h4 Kf6 41. Bxd6 e3 42. Be5+ Kg6 43. fxe3 Kh6 44. e7 Kh7 45. Kxf5 Kh6 46. e8=Q Kh7 47. Qg6# 1-0


[Site "https://www.chess.com"]

[Event "Titled Tuesday Blitz June 07 Late 2022"]
[White "Barp, Alberto"]
[Black "Shimanov, Aleksandr"]
[WhiteFideId "872555"]
[BlackFideId "4198603"]
[WhiteElo "2229"]
[BlackElo "2605"]
[Result "0-1"]
[Round "06"]
[TimeControl "180+1"]
[Date "2022.06.07"]
[WhiteClock "0:00:13"]
[BlackClock "0:00:40"]

1. d4 Nf6 2. c4 g6 3. g3 Bg7 4. Bg2 O-O 5. Nc3 d6 6. Nf3 Nc6 7. O-O e5 8. dxe5 Nxe5 9. Nxe5 dxe5 10. Bg5 Qxd1 11. Rfxd1 c6 12. b3 h6 13. Be3 Re8 14. h3 Be6 15. Rd2 Bf8 16. Na4 Bb4 17. Rdd1 Kg7 18. Bc5 Bxc5 19. Nxc5 Bc8 20. Rd6 Rb8 21. Rad1 h5 22. Kh2 Bf5 23. e4 Bc8 24. Rd8 Kf8 25. f3 Ke7 26. Rxe8+ Nxe8 27. h4 b6 28. Nd3 f6 29. Nb4 Bb7 30. Bh3 Rd8 31. Rxd8 Kxd8 32. Kg2 c5 33. Nd5 Bxd5 34. exd5 Nd6 35. Be6 f5 36. a4 Ke7 37. Kf2 Kf6 38. Ke3 g5 39. f4 exf4+ 40. gxf4 g4 41. Bd7 Ne4 42. Be8 Nd6 43. Bxh5 Kg7 44. Kf2 Kh6 45. Bxg4 fxg4 46. Kg3 Kh5 0-1


[Site "https://www.chess.com"]

[Event "Titled Tuesday Blitz June 07 Late 2022"]
[White "Barria Zuniga, Daniel"]
[Black "Zhigalko, Sergei"]
[WhiteFideId "3400816"]
[BlackFideId "13502956"]
[WhiteElo "2414"]
[BlackElo "2662"]
[Result "0-1"]
[Round "06"]
[TimeControl "180+1"]
[Date "2022.06.07"]
[WhiteClock "0:00:04"]
[BlackClock "0:00:04"]

1. d4 Nf6 2. c4 e6 3. Nf3 b6 4. g3 Ba6 5. Qc2 Bb4+ 6. Nbd2 Bb7 7. Bg2 Be4 8. Qd1 O-O 9. O-O Bxd2 10. Qxd2 d6 11. b3 a5 12. Bb2 Nbd7 13. Rfe1 Re8 14. Bf1 h6 15. Nh4 Bb7 16. f3 d5 17. Ng2 a4 18. Nf4 Qe7 19. Bg2 dxc4 20. bxc4 a3 21. Bc3 e5 22. dxe5 Nxe5 23. Nd5 Nxd5 24. cxd5 Qc5+ 25. Qd4 Qxd5 26. Qxd5 Bxd5 27. Bxe5 Rxe5 28. f4 Bxg2 29. fxe5 Bd5 30. Rec1 c6 31. Kf2 b5 32. Ke3 Ra4 33. Rc3 Kf8 34. Kd2 Ke7 35. Rac1 Ke6 36. Rxc6+ Bxc6 37. Rxc6+ Kd5 38. Rc7 Rb4 39. Kd3 Rb2 40. Rc2 Rxc2 41. Kxc2 Kc4 42. h3 b4 43. h4 h5 44. e3 Kc5 45. Kb3 Kb5 46. Kc2 Kc4 47. e4 Kc5 48. Kd3 Kb5 49. Kc2 Kc4 50. Kb1 b3 51. axb3+ Kxb3 52. Ka1 Kc4 53. Ka2 Kd4 54. Kxa3 Kxe5 55. Kb3 Kxe4 0-1


[Site "https://www.chess.com"]

[Event "Titled Tuesday Blitz June 07 Late 2022"]
[White "Bayo Milagro, Alvaro"]
[Black "Bryakin, Mikhail"]
[WhiteFideId "22275240"]
[BlackFideId "4165314"]
[WhiteElo "2270"]
[BlackElo "2417"]
[Result "1-0"]
[Round "06"]
[TimeControl "180+1"]
[Date "2022.06.07"]
[WhiteClock "0:00:04"]
[BlackClock "0:01:07"]

1. d4 Nf6 2. c4 e5 3. dxe5 Ng4 4. Bf4 Nc6 5. Nf3 Bb4+ 6. Nbd2 Qe7 7. e3 Ngxe5 8. Nxe5 Nxe5 9. Be2 O-O 10. O-O Bxd2 11. Qxd2 d6 12. Rac1 b6 13. b4 f6 14. c5 Be6 15. cxd6 cxd6 16. Rfd1 Rfd8 17. Bg3 d5 18. Qd4 Nc4 19. Qc3 b5 20. Bf3 Rd7 21. Rd3 Rad8 22. Rcd1 a6 23. a3 Qf7 24. h3 Bf5 25. Rd4 Be4 26. Bg4 Re7 27. Be2 h5 28. f3 Bf5 29. e4 Be6 30. Bxc4 bxc4 31. exd5 Rxd5 32. Qxc4 Rg5 33. Rd8+ Kh7 34. Qf4 Qg6 35. Kh2 Bxh3 36. Kxh3 Ree5 37. Rc8 h4 38. Bxh4 Rxg2 39. Rdd8 Qb1 40. Rh8+ Kg6 41. Kxg2 Qa2+ 42. Bf2 Rg5+ 43. Kf1 Qxa3 44. Qe4+ Rf5 45. Rh4 Qc1+ 46. Rxc1 1-0


[Site "https://www.chess.com"]

[Event "Titled Tuesday Blitz June 07 Late 2022"]
[White "Bjelobrk, Igor"]
[Black "Tahbaz, Arash"]
[WhiteFideId "4300726"]
[BlackFideId "12528846"]
[WhiteElo "2335"]
[BlackElo "2389"]
[Result "0-1"]
[Round "06"]
[TimeControl "180+1"]
[Date "2022.06.07"]
[WhiteClock "0:00:02"]
[BlackClock "0:00:12"]

1. Nf3 g6 2. d4 Bg7 3. e4 d6 4. Nbd2 Nd7 5. a4 e5 6. dxe5 dxe5 7. Bc4 Ngf6 8. O-O O-O 9. c3 a5 10. Qc2 b6 11. b4 Bb7 12. Re1 Qe7 13. bxa5 Rxa5 14. Ba3 c5 15. Bb5 Ra7 16. Nc4 Ba6 17. Rab1 Qe6 18. Qb3 Rfa8 19. Bc1 Bxb5 20. axb5 Ra4 21. Nfd2 Nh5 22. g3 Bh6 23. Ne3 c4 24. Nexc4 Nc5 25. Qc2 Nf6 26. f3 Rd8 27. Re2 Nd3 28. Qxa4 Qh3 29. Qc2 Bf8 30. Nb3 Nh5 31. Be3 Nxg3 32. hxg3 Qxg3+ 33. Rg2 Qxf3 34. Rd1 Qxe4 35. Nxb6 Qxe3+ 36. Kh2 e4 37. Nc4 Qf4+ 38. Kg1 Rc8 39. Nba5 Bc5+ 40. Kh1 Qh4+ 41. Rh2 Qg4 42. Qe2 Qg3 43. Rf1 f5 44. b6 Rb8 45. b7 Nf4 46. Qd1 Nd3 47. Qe2 Rd8 48. Nc6 Re8 49. b8=Q Rxb8 50. Nxb8 Qxb8 51. Rg2 Qc8 0-1


[Site "https://www.chess.com"]

[Event "Titled Tuesday Blitz June 07 Late 2022"]
[White "Chigaev, Maksim"]
[Black "Saveliev, Alexei"]
[WhiteFideId "4108116"]
[BlackFideId "24128546"]
[WhiteElo "2457"]
[BlackElo "2281"]
[Result "1-0"]
[Round "06"]
[TimeControl "180+1"]
[Date "2022.06.07"]
[WhiteClock "0:00:06"]
[BlackClock "0:00:01"]

1. d4 g6 2. g3 Bg7 3. Bg2 d6 4. Nf3 Nf6 5. O-O O-O 6. b3 Nc6 7. Bb2 Nd7 8. c4 e5 9. d5 Ne7 10. e4 a5 11. Nc3 Nc5 12. a3 f5 13. exf5 Bxf5 14. Ne1 a4 15. b4 Nb3 16. Ra2 Qd7 17. Ne4 Bxe4 18. Bxe4 Nf5 19. Nf3 Qe7 20. Bc3 Nfd4 21. Bxd4 exd4 22. Re2 Rae8 23. Bd3 Qf6 24. Rxe8 Rxe8 25. Kg2 Bh6 26. Qc2 Rf8 27. Be4 b6 28. h4 Qe7 29. Re1 Qf6 30. Qd3 Nd2 31. Re2 Nxf3 32. Bxf3 Bg7 33. Bg4 h5 34. Be6+ Kh7 35. f4 Bh6 36. Re4 Bg7 37. Kf3 Qd8 38. Ke2 Rf6 39. Kd1 Qf8 40. Kc2 Kh8 41. Rxd4 Qb8 42. Re4 b5 43. cxb5 1-0


[Site "https://www.chess.com"]

[Event "Titled Tuesday Blitz June 07 Late 2022"]
[White "Daggupati, Balaji"]
[Black "Gnechko, Ruslan"]
[WhiteFideId "2090759"]
[BlackFideId "14135868"]
[WhiteElo "2707"]
[BlackElo "2289"]
[Result "1-0"]
[Round "06"]
[TimeControl "180+1"]
[Date "2022.06.07"]
[WhiteClock "0:01:58"]
[BlackClock "0:02:09"]

1. e4 c5 2. Nf3 d6 3. d4 cxd4 4. Nxd4 Nf6 5. Nc3 a6 6. Qe2 e6 7. Bg5 Be7 8. O-O-O O-O 9. e5 Nd5 10. Bxe7 Nxc3 11. Bxd8 Nxe2+ 12. Bxe2 Rxd8 13. exd6 Rxd6 14. Nxe6 Rxd1+ 15. Rxd1 Nc6 16. Nc7 Rb8 17. Bf3 Bf5 18. Bxc6 bxc6 19. Nxa6 Ra8 20. Nb4 c5 21. Nd5 Kf8 22. a3 Ra6 23. Ne3 Be4 24. Rd8+ Ke7 25. Rc8 Rh6 26. Rxc5 Rxh2 27. Re5+ 1-0


[Site "https://www.chess.com"]

[Event "Titled Tuesday Blitz June 07 Late 2022"]
[White "Golubovskis, Maksims"]
[Black "Velikanov, Alexander"]
[WhiteFideId "11608528"]
[BlackFideId "2039290"]
[WhiteElo "2102"]
[BlackElo "2259"]
[Result "1-0"]
[Round "06"]
[TimeControl "180+1"]
[Date "2022.06.07"]
[WhiteClock "0:01:11"]
[BlackClock "0:01:23"]

1. e4 d6 2. d4 Nf6 3. Nc3 e5 4. Nf3 Nbd7 5. Bc4 Be7 6. a4 O-O 7. O-O a6 8. Re1 b6 9. h3 Bb7 10. Bg5 h6 11. Bh4 c6 12. Qd2 b5 13. axb5 axb5 14. Bb3 Qc7 15. dxe5 dxe5 16. Rad1 Nc5 17. Bg3 Nfd7 18. Nh4 b4 19. Na4 Bg5 20. Qd6 Nxa4 21. Qxc7 Bxh4 22. Bxh4 Ndc5 1-0


[Site "https://www.chess.com"]

[Event "Titled Tuesday Blitz June 07 Late 2022"]
[White "Gurevich, Dmitry"]
[Black "Rosen, Eric"]
[WhiteFideId "2000407"]
[BlackFideId "2032562"]
[WhiteElo "2506"]
[BlackElo "2362"]
[Result "0-1"]
[Round "06"]
[TimeControl "180+1"]
[Date "2022.06.07"]
[WhiteClock "0:00:03"]
[BlackClock "0:00:03"]

1. d4 d5 2. c4 e6 3. Nc3 Nf6 4. Nf3 a6 5. c5 b6 6. cxb6 c5 7. e3 cxd4 8. exd4 Qxb6 9. Bd3 Bd6 10. O-O Nbd7 11. a3 O-O 12. b4 Bb7 13. Rb1 Ne4 14. Na4 Qc7 15. Bb2 f5 16. Nc5 a5 17. Nxe6 Qb6 18. Nxf8 Rxf8 19. bxa5 Qxa5 20. Ne5 Ndf6 21. Ba1 Ba6 22. Bxa6 Qxa6 23. f3 Ng5 24. Qd3 Qa7 25. Kh1 Nh5 26. g3 Ne6 27. Rb3 Rf6 28. Rc1 h6 29. Rc6 Ng5 30. Kg2 Ne6 31. Rxd6 Nef4+ 32. gxf4 Nxf4+ 33. Kf1 Nxd3 34. Rd8+ Kh7 35. Rxd3 Qa6 36. Kf2 Rb6 37. Rd7 Rb1 38. Bc3 f4 39. Bd2 Qe6 40. Bxf4 Qh3 0-1


[Site "https://www.chess.com"]

[Event "Titled Tuesday Blitz June 07 Late 2022"]
[White "Guseinov, Gadir"]
[Black "Jobava, Baadur"]
[WhiteFideId "13401378"]
[BlackFideId "13601520"]
[WhiteElo "2581"]
[BlackElo "2617"]
[Result "0-1"]
[Round "06"]
[TimeControl "180+1"]
[Date "2022.06.07"]
[WhiteClock "0:00:01"]
[BlackClock "0:01:12"]

1. e4 d6 2. d4 Nf6 3. Nc3 e5 4. Nf3 Nbd7 5. Bc4 Be7 6. a4 O-O 7. a5 c6 8. O-O h6 9. h3 Re8 10. Re1 Qc7 11. Be3 Nf8 12. Qd3 exd4 13. Nxd4 Ng6 14. f4 d5 15. exd5 Nxf4 16. Bxf4 Qxf4 17. dxc6 Bxh3 18. Nce2 Qg5 19. Qxh3 bxc6 20. Kh1 Bc5 21. Nf3 Qe3 22. Ng3 Qf4 23. Bb3 Ng4 24. Rf1 Nf2+ 25. Rxf2 Bxf2 26. Nh5 Qe4 27. Rf1 Qe2 28. Nh2 Re5 29. Nf4 Qd2 30. Nd3 Re3 31. Qf5 Bg3 32. Qxf7+ Kh8 33. Ng4 Ree8 34. Qg6 Rf8 35. Bf7 Qe2 36. Qf5 Rae8 37. Nxh6 Re7 38. Ng4 Rexf7 39. Qh5+ Kg8 40. Nh6+ gxh6 41. Qg6+ Rg7 0-1


[Site "https://www.chess.com"]

[Event "Titled Tuesday Blitz June 07 Late 2022"]
[White "Hansen, Eric"]
[Black "Abarca Gonzalez, Nicolas"]
[WhiteFideId "2606771"]
[BlackFideId "3409422"]
[WhiteElo "2568"]
[BlackElo "2504"]
[Result "0-1"]
[Round "06"]
[TimeControl "180+1"]
[Date "2022.06.07"]
[WhiteClock "0:00:02"]
[BlackClock "0:00:33"]

1. b3 Nf6 2. Bb2 g6 3. c4 d5 4. cxd5 Qxd5 5. Nc3 Qa5 6. a3 Bh6 7. b4 Qf5 8. e3 O-O 9. Nf3 Rd8 10. Bc4 b6 11. Qb3 e6 12. Nb5 Ne8 13. Nbd4 Qh5 14. h3 Bg7 15. O-O Bb7 16. Rac1 Nd7 17. Be2 Qh6 18. b5 Nc5 19. Qc2 e5 20. Nc6 Bxc6 21. bxc6 e4 22. Nd4 Nd6 23. a4 Qg5 24. Ba3 Bxd4 25. exd4 Ne6 26. Bg4 Nf4 27. g3 Nd3 28. Rb1 h5 29. Bd7 Nf5 30. h4 Nxh4 31. Rb5 Nf3+ 32. Kg2 Qxb5 33. Qa2 Nde1+ 34. Rxe1 Nxe1+ 35. Kg1 Qg5 36. Bb4 Nf3+ 37. Kg2 Rxd7 38. cxd7 Rd8 39. Qc4 Rxd7 40. Qc6 Qd5 0-1


[Site "https://www.chess.com"]

[Event "Titled Tuesday Blitz June 07 Late 2022"]
[White "Hjartarson, Johann"]
[Black "Meunier-Pion, Jean"]
[WhiteFideId "2300044"]
[BlackFideId "20685327"]
[WhiteElo "2458"]
[BlackElo "2124"]
[Result "1-0"]
[Round "06"]
[TimeControl "180+1"]
[Date "2022.06.07"]
[WhiteClock "0:01:14"]
[BlackClock "0:00:02"]

1. e4 c5 2. Nc3 d6 3. g3 Nc6 4. Bg2 g6 5. d3 Bg7 6. Be3 Nd4 7. Qd2 Rb8 8. Rb1 b5 9. Nce2 b4 10. h4 a5 11. h5 gxh5 12. Nf4 Nf6 13. Bxd4 cxd4 14. Nxh5 Nxh5 15. Rxh5 e5 16. Bh3 h6 17. Nf3 Bxh3 18. Rxh3 Rc8 19. Nh4 Bf6 20. Nf5 Bg5 21. f4 exf4 22. gxf4 Bf6 23. Kf1 Rc5 24. Re1 Kd7 25. Qf2 h5 26. Re2 h4 27. Nxd4 Bxd4 28. Qxd4 Qc8 29. Qf6 Kc6 30. Rxh4 Rxh4 31. Qxh4 Qe6 32. b3 a4 33. d4 Rc3 34. d5+ 1-0


[Site "https://www.chess.com"]

[Event "Titled Tuesday Blitz June 07 Late 2022"]
[White "Holt, Conrad"]
[Black "Grigoriants, Sergey"]
[WhiteFideId "2034387"]
[BlackFideId "4130804"]
[WhiteElo "2586"]
[BlackElo "2502"]
[Result "1/2-1/2"]
[Round "06"]
[TimeControl "180+1"]
[Date "2022.06.07"]
[WhiteClock "0:00:08"]
[BlackClock "0:00:08"]

1. d4 Nf6 2. c4 e6 3. Nc3 Bb4 4. Qc2 d5 5. cxd5 exd5 6. Bg5 h6 7. Bxf6 Qxf6 8. a3 Bxc3+ 9. Qxc3 c6 10. e3 O-O 11. Ne2 Bf5 12. Ng3 Bh7 13. Be2 Nd7 14. O-O Qd6 15. b4 Rfc8 16. Bg4 Re8 17. Nf5 Qe6 18. Nxh6+ Qxh6 19. Bxd7 Re4 20. b5 cxb5 21. Rfc1 Bg6 22. Bxb5 Qg5 23. g3 Re7 24. Qc5 Be4 25. Qd6 Re6 26. Qf4 Qh5 27. Bd7 Rf6 28. Qg4 Qh6 29. Qh3 Qg5 30. Qg4 Qh6 31. Rc7 Rb6 32. Rac1 Rf8 33. Rc8 g6 34. Rxf8+ Kxf8 35. h4 Kg7 36. Qg5 Qxg5 37. hxg5 Rb3 38. a4 a6 39. Kf1 b5 40. axb5 axb5 41. Ke1 b4 42. Rc7 Rb1+ 43. Kd2 Rb2+ 44. Ke1 Rb1+ 45. Kd2 Rb2+ 46. Ke1 Rb1+ 1/2-1/2


[Site "https://www.chess.com"]

[Event "Titled Tuesday Blitz June 07 Late 2022"]
[White "Hosseinzadeh, Nima"]
[Black "Bortnyk, Olexandr"]
[WhiteFideId "12505323"]
[BlackFideId "14120828"]
[WhiteElo "2066"]
[BlackElo "2723"]
[Result "0-1"]
[Round "06"]
[TimeControl "180+1"]
[Date "2022.06.07"]
[WhiteClock "0:00:03"]
[BlackClock "0:00:04"]

1. e4 Nf6 2. e5 Nd5 3. d4 d6 4. Nf3 dxe5 5. Nxe5 c6 6. Be2 Bf5 7. O-O Nd7 8. c4 Nb4 9. Nd3 Nxd3 10. Bxd3 Bxd3 11. Qxd3 e6 12. Nc3 Ne5 13. Qe2 Ng6 14. d5 Bd6 15. dxe6 O-O 16. Rd1 Qc7 17. g3 Rae8 18. exf7+ Qxf7 19. Be3 Be5 20. Rac1 Bxc3 21. Rxc3 Ne5 22. f4 Nd7 23. Qd3 Re7 24. Bf2 Rfe8 25. Qd6 Nf6 26. Rcd3 Qxc4 27. b3 Qa6 28. R3d2 Ne4 29. Qd4 Nxd2 30. Rxd2 Re2 31. Rxe2 Qxe2 32. Qc3 Qxa2 33. Kg2 Qe2 34. Kg1 Qe4 35. Kf1 Qh1+ 36. Bg1 a6 37. Qc4+ Qd5 38. Qc3 Rd8 39. Be3 Qd3+ 40. Qxd3 Rxd3 41. b4 Rxe3 0-1


[Site "https://www.chess.com"]

[Event "Titled Tuesday Blitz June 07 Late 2022"]
[White "Livaic, Leon"]
[Black "Souleidis, Georgios"]
[WhiteFideId "14531534"]
[BlackFideId "4206827"]
[WhiteElo "2540"]
[BlackElo "2401"]
[Result "1-0"]
[Round "06"]
[TimeControl "180+1"]
[Date "2022.06.07"]
[WhiteClock "0:01:04"]
[BlackClock "0:00:07"]

1. d4 Nf6 2. c4 g6 3. Nc3 Bg7 4. e4 d6 5. h3 O-O 6. Be3 e5 7. d5 Na6 8. g4 Nc5 9. f3 Ne8 10. Qd2 f5 11. gxf5 gxf5 12. h4 fxe4 13. fxe4 Nf6 14. Bxc5 dxc5 15. Bh3 Ng4 16. Bxg4 Bxg4 17. Nge2 Qf6 18. Kd1 h5 19. Kc2 Bh6 20. Qd3 Qf3 21. Raf1 Qg2 22. Rfg1 Qf2 23. d6 c6 24. d7 Rad8 25. Qd6 Qf6 26. Qxc5 b6 27. Rxg4+ hxg4 28. Qg1 Qe6 29. Ng3 Rf4 30. Nf5 Rxd7 31. Rh2 Rxe4 32. Nxh6+ Qxh6 33. Nxe4 Qf4 34. Qxg4+ Qxg4 35. Nf6+ Kg7 36. Nxg4 Rd4 37. Nxe5 1-0


[Site "https://www.chess.com"]

[Event "Titled Tuesday Blitz June 07 Late 2022"]
[White "Lobanov, Sergei"]
[Black "Andreikin, Dmitry"]
[WhiteFideId "24183750"]
[BlackFideId "4158814"]
[WhiteElo "2524"]
[BlackElo "2736"]
[Result "0-1"]
[Round "06"]
[TimeControl "180+1"]
[Date "2022.06.07"]
[WhiteClock "0:00:06"]
[BlackClock "0:01:09"]

1. e4 c5 2. Nf3 e6 3. d4 cxd4 4. Nxd4 Nc6 5. Nc3 a6 6. Nxc6 bxc6 7. Bd3 d5 8. O-O Nf6 9. Re1 Be7 10. e5 Nd7 11. Qg4 Kf8 12. b3 h5 13. Qe2 Bb7 14. Bd2 Kg8 15. Na4 c5 16. c4 d4 17. Nb2 h4 18. h3 Qc7 19. Be4 a5 20. Nd3 g6 21. Qg4 Bxe4 22. Rxe4 Rh5 23. Rae1 Rf5 24. Qe2 Kg7 25. g4 hxg3 26. fxg3 Rh5 27. Nf4 Rh7 28. Qg4 Nf8 29. h4 a4 30. h5 axb3 31. axb3 Qb7 32. hxg6 Nxg6 33. Nxg6 fxg6 34. Qxe6 Rah8 35. Qd5 Rh1+ 36. Kg2 R1h2+ 37. Kf3 Qxb3+ 38. Kg4 R8h4+ 39. gxh4 Rxh4# 0-1


[Site "https://www.chess.com"]

[Event "Titled Tuesday Blitz June 07 Late 2022"]
[White "Maksimovic, Bojan"]
[Black "Larino Nieto, David"]
[WhiteFideId "14408120"]
[BlackFideId "2256444"]
[WhiteElo "2453"]
[BlackElo "2532"]
[Result "1/2-1/2"]
[Round "06"]
[TimeControl "180+1"]
[Date "2022.06.07"]
[WhiteClock "0:00:05"]
[BlackClock "0:00:02"]

1. c4 e6 2. d4 b6 3. Nf3 Bb7 4. a3 h6 5. Nc3 d6 6. g3 Nd7 7. Bg2 g5 8. O-O Bg7 9. e4 Ne7 10. Re1 Ng6 11. d5 Nde5 12. Nd4 Qf6 13. Be3 g4 14. f4 gxf3 15. Nxf3 Nxf3+ 16. Bxf3 Ne5 17. Bh5 O-O-O 18. Rf1 Qe7 19. Qe2 Ba6 20. b3 Ng6 21. Rac1 Kb8 22. a4 Rhg8 23. Bd2 Bd4+ 24. Kh1 Bb7 25. Nb5 Be5 26. a5 f5 27. axb6 axb6 28. exf5 exf5 29. Rxf5 c6 30. dxc6 Bxc6+ 31. Bf3 Qb7 32. Bxc6 Qxc6+ 33. Qf3 Qxf3+ 34. Rxf3 h5 35. Be3 h4 36. Bxb6 Rd7 37. Rd1 hxg3 38. hxg3 Rh7+ 39. Kg1 Nh4 40. Rfd3 Bxg3 41. Kf1 Rf7+ 42. Ke2 Bf4 43. Rd5 Rg2+ 44. Kd3 Be5 45. Nd4 Nf3 46. Nxf3 Rxf3+ 47. Ke4 Rf4+ 48. Ke3 Rg3+ 49. Ke2 Re4+ 50. Kf2 Rxb3 51. Bd4 Rf4+ 52. Ke2 Re4+ 53. Kf2 Rf4+ 54. Ke2 Re4+ 55. Kf2 1/2-1/2


[Site "https://www.chess.com"]

[Event "Titled Tuesday Blitz June 07 Late 2022"]
[White "Mamedov, Rauf"]
[Black "Bok, Benjamin"]
[WhiteFideId "13401653"]
[BlackFideId "1017063"]
[WhiteElo "2666"]
[BlackElo "2658"]
[Result "0-1"]
[Round "06"]
[TimeControl "180+1"]
[Date "2022.06.07"]
[WhiteClock "0:00:15"]
[BlackClock "0:00:09"]

1. e4 c5 2. Nf3 d6 3. Nc3 Nf6 4. e5 dxe5 5. Nxe5 a6 6. g3 Qd6 7. Nf3 b5 8. Bg2 Bb7 9. O-O e6 10. d3 Nbd7 11. Bf4 Qb6 12. Re1 Bd6 13. Be3 O-O 14. Nd2 Bxg2 15. Kxg2 Be5 16. Rb1 Bxc3 17. bxc3 Nd5 18. c4 Nc3 19. Qh5 Nxb1 20. Rxb1 Qc6+ 21. Kg1 Rab8 22. Re1 bxc4 23. Nxc4 Qd5 24. Qh4 Ne5 25. Nxe5 Qxe5 26. Qc4 Qd5 27. Qa4 Rb4 28. Qa5 Rfb8 29. Qxa6 Rb1 30. Bd2 h5 31. Qa5 Rxe1+ 32. Bxe1 Rb1 33. a4 c4 34. Qc3 cxd3 35. cxd3 Qf3 36. Kf1 Rd1 37. a5 Rxd3 38. Qc8+ Kh7 39. Qc2 Qh1+ 40. Ke2 Qe4+ 41. Kf1 f5 42. a6 Qh1+ 43. Ke2 Qe4+ 44. Kf1 Ra3 45. Qxe4 fxe4 46. Ke2 Kg6 47. h3 Rxa6 48. Ke3 Kf5 49. g4+ hxg4 50. hxg4+ Kxg4 51. Kxe4 g5 52. f3+ Kh3 53. Bd2 Ra5 54. Be3 Rf5 55. Bd2 Kg2 56. Bc1 Kg3 57. Bd2 Rf4+ 58. Ke5 Kxf3 0-1


[Site "https://www.chess.com"]